 Dungeon Crawl Stone Soup version 0.26-a0-524-g073066f631 (webtiles) character file.

Game seed: 314137725428496274

2320 ANON1729 the Insei (level 9, -1/65 HPs)
             Began as a Demonspawn Transmuter on Aug 13, 2020.
             Was a Believer of Ru.
             Slain by Prince Ribbit (15 damage)
             ... on level 8 of the Dungeon.
             The game lasted 00:17:02 (8144 turns).

ANON1729 the Insei (Demonspawn Transmuter)          Turns: 8144, Time: 00:17:02

Health: -1/65      AC:  2    Str: 11    XL:     9   Next: 18%
Magic:  13/15      EV: 23    Int: 17    God:    Ru [**....]
Gold:   346        SH:  0    Dex: 19    Spells: 2/16 levels left

rFire    x . .     SeeInvis .     - Unarmed
rCold    . . .     Faith    .   (shield currently unavailable)
rNeg     . . .     Spirit   .   (armour currently unavailable)
rPois    x         Reflect  .   (helmet currently unavailable)
rElec    .         Harm     .   (cloak currently unavailable)
rCorr    .                      (gloves currently unavailable)
MR       .....                  (boots currently unavailable)
Stlth    ++........             (no amulet)
HPRegen  6.20/turn              F - ring of protection from cold
MPRegen  0.14/turn              l - ring of wizardry

@: spider-form (expiring)
A: tiny, powered by death 2, temperature sensitive
a: End Transformation, Renounce Religion


You were on level 8 of the Dungeon.
You worshipped Ru.
Ru was pleased with you.
You were a venomous arachnid creature.
You visited 2 branches of the dungeon, and saw 9 of its levels.

You collected 346 gold pieces.

Inventory:

Armour
 a - a +0 robe
 v - a +1 robe of magic resistance (melded)
Jewellery
 c - an uncursed ring of magical power
 l - a ring of wizardry (right front leg)
 F - a ring of protection from cold (left front leg)
 J - an uncursed ring of magical power
Wands
 r - a wand of digging (6)
 y - a wand of iceblast (3)
 B - a wand of paralysis (5)
 D - a wand of polymorph (8)
 E - a wand of acid (7)
 G - a wand of enslavement (6)
Scrolls
 e - 4 scrolls of remove curse {unknown}
 f - 3 scrolls of magic mapping {unknown}
 g - 6 scrolls of identify {unknown}
 j - a scroll of fog {unknown}
 k - 4 scrolls of enchant armour {unknown}
 m - 2 scrolls of teleportation {unknown}
 q - a scroll of enchant weapon {unknown}
 s - a scroll of amnesia {unknown}
 t - 2 scrolls of random uselessness {unknown}
 w - a scroll of silence {unknown}
 x - a scroll of blinking {unknown}
 I - a scroll of fear {unknown}
Potions
 b - a potion of cancellation {unknown}
 d - 2 potions of curing
 h - a potion of magic {unknown}
 i - 3 potions of degeneration {unknown}
 n - 7 potions of haste {unknown}
 o - a potion of might {unknown}
 p - a potion of invisibility {unknown}
 u - 3 potions of stabbing {unknown}
 z - a potion of resistance {unknown}
 A - a potion of flight {unknown}
 C - 2 potions of brilliance {unknown}
 H - a potion of berserk rage {unknown}


   Skills:
 + Level 4.1 Fighting
 + Level 4.1 Dodging
 * Level 6.1 Unarmed Combat
 + Level 4.2 Spellcasting
 * Level 5.7 Transmutations
 + Level 1.9 Ice Magic
 + Level 1.9 Earth Magic
 + Level 3.6 Poison Magic


You had 2 spell levels left.
You knew the following spells:

 Your Spells              Type           Power        Failure   Level
a - Beastly Appendage     Tmut           ###...       2%          1
b - Wereblood             Tmut           ###.....     3%          2
c - Spider Form           Tmut/Pois      ###.......   8%          3
d - Ice Form              Ice/Tmut       ###.....     26%         4
e - Petrify               Tmut/Erth      ###.....     26%         4

Your spell library contained the following spells:

 Spells                   Type           Power        Failure   Level
 Sting                    Tmut/Pois      ###.         3%          1
 Poisonous Vapours        Pois/Air       #.....       11%         2
 Animate Skeleton         Necr           #.....       14%         1
 Apportation              Tloc           #.....       14%         1
 Corona                   Hex            #......      14%         1
 Foxfire                  Conj/Fire      #...         14%         1
 Magic Dart               Conj           #...         14%         1
 Summon Small Mammal      Summ           #...         14%         1
 Blink                    Tloc           N/A          21%         2
 Call Imp                 Summ           #.......     21%         2
 Slow                     Hex            #.......     21%         2
 Ignite Poison            Fire/Tmut/Pois ##......     12%         3
 Mephitic Cloud           Conj/Pois/Air  #.......     22%         3
 Olgreb's Toxic Radiance  Pois           ###.....     26%         4
 Blade Hands              Tmut           ###.......   30%         5
 Confusing Touch          Hex            #.......     32%         3
 Conjure Flame            Conj/Fire      #.......     32%         3
 Gell's Gravitas          Tloc           #.........   32%         3
 Inner Flame              Hex/Fire       #.......     32%         3
 Yara's Violent Unravell  Hex/Tmut       ##........   63%         5
 Sticky Flame             Conj/Fire      #.......     65%         4
 Metabolic Englaciation   Hex/Ice        #.........   83%         5
 Fireball                 Conj/Fire      #.........   92%         5


Dungeon Overview and Level Annotations

Branches:
Dungeon (8/15)             Temple (1/1) D:4
   Lair: D:8-11

Altars:
Ashenzari
Dithmenos
Gozag
Kikubaaqudgha
Makhleb
Nemelex Xobeh
Okawaru
Ru
Sif Muna
Wu Jian
Xom
Yredelemnul
Zin
The Shining One
Lugonu

Annotations:
D:8 Prince Ribbit


Innate Abilities, Weirdness & Mutations

((You have a pair of small horns on your head.))
((You are partially covered in molten scales. (AC +2)))
You regenerate health from kills.
You are sensitive to extremes of temperature. (rF-, rC-)


Message History

You bite the adder!
You kill the adder!
Prince Ribbit hits you!
* * * LOW HITPOINT WARNING * * *
Evoke which item? (* to show all) (? for menu, Esc to quit)
Aiming: Paralyse
Press: ? - help, Shift-Dir - straight line, f - Prince Ribbit
Aim: Prince Ribbit (chance to defeat MR: 28%)
Okay, then.
Evoke which item? (* to show all) (? for menu, Esc to quit)
Aiming: Corrosive Bolt
Press: ? - help, Shift-Dir - straight line, f - Prince Ribbit
Aim: Prince Ribbit The bolt of acid hits Prince Ribbit!
Prince Ribbit is splashed with acid.
Prince Ribbit is heavily wounded.
Prince Ribbit hops awkwardly around.
Prince Ribbit completely misses you.
An orc comes into view. It is wielding a +0 flail.
Prince Ribbit hits you!
You die...

#......#.....
####............
.........#....
|.......#...
#.......>##
###.........####
#####..(......)....#
#....?.<†.(.(#(###...
#.###.##.##..Fs# #.
#....o### # #..##.#
.......# .##...#..
#.#####. #.# #


You could see Prince Ribbit and an orc.

Vanquished Creatures
  Pikel (D:4)
  A black bear (D:6)
  An orc warrior (D:6)
  A phantom (D:7)
  2 ogres
  3 centaurs
  A lemure (D:4)
  A big kobold (D:7)
  6 killer bees (D:7)
  3 howler monkeys (D:8)
  A centaur zombie (D:7)
  2 jellies (D:4)
  2 bullfrog skeletons
  6 orc wizards
  2 orc priests
  2 iguanas
  5 worker ants
  A hound skeleton (D:6)
  A howler monkey skeleton (D:4)
  9 adders
  3 oozes
  An adder zombie (D:5)
  A worm (D:2)
  A dart slug (D:4)
  2 leopard geckos
  12 orcs
  8 bats
  3 giant cockroaches
  5 goblins
  6 hobgoblins
  2 jackals (D:1)
  4 quokkas
  6 frilled lizards
  10 kobolds
  6 rats
121 creatures vanquished.

Notes
Turn   | Place    | Note
-------+----------+-------------------------------------------
     0 | D:1      | ANON1729 the Demonspawn Transmuter began the quest for the
                  | Orb.
     0 | D:1      | Reached XP level 1. HP: 15/15 MP: 3/3
   301 | D:1      | Gained mutation: You regenerate a little health from kills.
                  | [demonic ancestry]
   301 | D:1      | Reached XP level 2. HP: 16/21 MP: 3/5
   507 | D:1      | Reached skill level 3 in Unarmed Combat
   589 | D:1      | Found a sparkling altar of Nemelex Xobeh.
   985 | D:2      | Reached XP level 3. HP: 21/26 MP: 4/6
  1434 | D:2      | Found a burning altar of Makhleb.
  1983 | D:3      | Found an iron altar of Okawaru.
  2020 | D:3      | Reached XP level 4. HP: 28/32 MP: 5/7
  2411 | D:3      | Found a faded altar of an unknown god.
  2450 | D:3      | Found a shimmering altar of Xom.
  2629 | D:3      | Learned a level 2 spell: Wereblood
  2633 | D:3      | Learned a level 3 spell: Spider Form
  3130 | D:4      | Found a staircase to the Ecumenical Temple.
  3939 | D:4      | Noticed an ogre
  3954 | D:4      | Killed an ogre
  3954 | D:4      | Reached skill level 1 in Poison Magic
  3954 | D:4      | Gained mutation: You regenerate health from kills. [demonic
                  | ancestry]
  3954 | D:4      | Reached XP level 5. HP: 38/38 MP: 9/9
  4002 | D:4      | Found an ornate altar of the Wu Jian Council.
  4002 | D:4      | Found a shimmering blue altar of Sif Muna.
  4317 | D:5      | Entered Level 5 of the Dungeon
  4322 | D:5      | Noticed a centaur
  4720 | D:5      | Noticed a centaur
  4913 | D:5      | Noticed a lemure
  4916 | D:5      | Noticed Pikel
  4930 | D:4      | Killed a lemure
  4945 | D:4      | Killed Pikel
  4945 | D:4      | Reached skill level 4 in Unarmed Combat
  4945 | D:4      | Reached XP level 6. HP: 8/46 MP: 10/10
  4945 | D:4      | Mutation became permanent: You have a pair of small horns
                  | on your head. [demonic ancestry]
  4945 | D:4      | Gained mutation: You have a pair of horns on your head.
                  | [demonic ancestry]
  4945 | D:4      | Reached XP level 7. HP: 9/51 MP: 11/11
  5316 | Temple   | Entered the Ecumenical Temple
  5355 | Temple   | Became a worshipper of Ru the Awakened
  5746 | D:5      | Reached skill level 5 in Unarmed Combat
  5790 | D:5      | Gained mutation: You are partially covered in molten
                  | scales. (AC +2) [demonic ancestry]
  5790 | D:5      | Reached XP level 8. HP: 35/58 MP: 13/13
  6161 | D:5      | Learned a level 4 spell: Ice Form
  6166 | D:5      | Learned a level 4 spell: Petrify
  6485 | D:6      | Gained mutation: You are sensitive to extremes of
                  | temperature. (rF-, rC-) [Ru sacrifice]
  6485 | D:6      | Reached * piety under Ru
  6485 | D:6      | Reached ** piety under Ru
  6715 | D:6      | Found the +7 Kryia's mail coat {PotionHeal*2 rC+}
  6793 | D:6      | Reached skill level 5 in Transmutations
  6939 | D:6      | Found a glowing golden altar of the Shining One.
  7171 | D:7      | Reached skill level 1 in Ice Magic
  7171 | D:7      | Reached skill level 1 in Earth Magic
  7671 | D:7      | Reached XP level 9. HP: 59/65 MP: 13/15
  7980 | D:7      | Reached skill level 6 in Unarmed Combat
  8131 | D:8      | Noticed Prince Ribbit
  8134 | D:8      | HP: 2/65 [centaur/arrow (11)]
  8144 | D:8      | Slain by Prince Ribbit

Illustrated notes

Levels and vault maps discovered:
D:1:      nagdon_arrival_double_spiral, layout_basic, nrook_loot_triangle,
          nemelex_altar_shiori
D:2:      layout_basic, lemuel_round_altar
D:3:      layout_rooms, xom_butterflies, chequers_ecumenical_altar_simple,
          okawaru_ov_weapons_minmay
D:4:      minmay_inner_zag, layout_loops_ring, gammafunk_temple_overflow_pools,
          minmay_temple_entry_waves, minmay_ruptured
D:5:      layout_rooms, uniq_pikel
D:6:      layout_loops_ring, kennysheep_mini_moat
D:7:      layout_loops_ring, hangedman_abyss_or_decor_passed
D:8:      layout_rooms, grunt_temple_overflow_open, uniq_prince_ribbit1
Temple:   corrupted_temple

Skill      XL: |  1  2  3  4  5  6  7  8  9 |
---------------+----------------------------+-----
Transmutations | 2 3 4 5 |  5.7
Unarmed Combat | 3 4 5 6 |  6.1
Dodging        | 2 3 4 |  4.1
Fighting       | 2 3 4 |  4.1
Poison Magic   | 1 2 3 |  3.6
Spellcasting   | 3 4 |  4.2
Ice Magic      | 1 |  1.9
Earth Magic    | 1 |  1.9

Action                   |  1- 3 |  4- 6 |  7- 9 || total
-------------------------+-------+-------+-------++-------
Melee: Unarmed           |   126 |   106 |   189 ||   421
       Kick              |    16 |    10 |    11 ||    37
       Headbutt          |    13 |     7 |    10 ||    30
       Punch             |       |     1 |     1 ||     2
 Cast: Beastly Appendage |    25 |    14 |     6 ||    45
       Spider Form       |       |     4 |    17 ||    21
       Ice Form          |       |       |     1 ||     1
Invok: Sacrifice Resista |       |       |     1 ||     1
 Abil: End Transformatio |       |     1 |       ||     1
Evoke: Wand              |       |       |     7 ||     7
  Use: Potion            |     3 |       |     3 ||     6
 Stab: Sleeping          |       |     1 |       ||     1
       Invisible         |       |       |     1 ||     1
Armor: Robe              |    30 |    19 |    11 ||    60
       Skin              |       |       |     6 ||     6
Dodge: Dodged            |   101 |    76 |   182 ||   359

Table legend: (Time is in decaauts)
 A = Elapsed time spent in this place.
 B = Non-inter-level travel time spent in this place.
 C = Inter-level travel time spent in this place.
 D = Time resting spent in this place.
 E = Time spent auto-exploring this place.
 F = Levels seen in this place.
 G = Mean time per level.
                   A        B        C        D        E       F      G
               +--------+--------+--------+--------+--------+-----+--------+
         Total |   8114 |   7606 |    508 |   2830 |   3765 |   9 |  901.6 |
       Dungeon |   8060 |   7566 |    494 |   2830 |   3739 |   8 | 1007.5 |
        Temple |     53 |     39 |     14 |      0 |     26 |   1 |   53.0 |
               +--------+--------+--------+--------+--------+-----+--------+

Top non-repeatable levels by time:
     D:4: 2647 daAuts
     D:3: 1076 daAuts
     D:7: 945 daAuts
     D:6: 941 daAuts
     D:1: 934 daAuts
     D:2: 921 daAuts
     D:5: 554 daAuts
  Temple: 53 daAuts
     D:8: 39 daAuts
